 Dungeon Crawl Stone Soup version 0.23-a0-644-gb60d84b635 (webtiles) character file.

122 Adamkad1 the Skirmisher (level 4, -9/37 HPs)
             Began as a Mummy Fighter on Jan 1, 2019.
             Mangled by Sigmund
             ... wielding a +0 scythe
              (12 damage)
             ... on level 3 of the Dungeon.
             The game lasted 00:02:53 (3402 turns).

Adamkad1 the Skirmisher (Mummy Fighter)             Turns: 3402, Time: 00:02:54

Health: -9/37      AC:  6    Str: 20    XL:     4   Next: 78%
Magic:  4/4        EV:  7    Int:  7    God:
Gold:   172        SH:  0    Dex: 11    Spells: 3/3 levels left

rFire    x . .     SeeInvis .   a - +0 flail
rCold    + . .     Gourm    .   c - +0 shield
rNeg     + + +     Faith    .   b - +0 scale mail
rPois    ∞         Spirit   .   (no helmet)
rElec    .         Reflect  .   (no cloak)
rCorr    .         Harm     .   (no gloves)
MR       .....                  (no boots)
Stlth    ..........             (no amulet)
HPRegen  0.12/turn              (no ring)
MPRegen  0.09/turn              (no ring)

@: confused
A: no food or potions, fire vulnerability, cold resistance 1, negative energy
resistance 3, torment resistance, unbreathing
a: no special abilities


You were on level 3 of the Dungeon.
You were not hungry.

You visited 1 branch of the dungeon, and saw 3 of its levels.

You collected 172 gold pieces.

Inventory:

Hand Weapons
 a - a +0 flail (weapon)
Armour
 b - a +0 scale mail (worn)
 c - a +0 shield (worn)
Scrolls
 d - a scroll of enchant armour {unknown}
 e - 2 scrolls of blinking
 f - 4 scrolls of identify
 g - 2 scrolls of remove curse


   Skills:
 * Level 3.8 Fighting
 * Level 2.4 Maces & Flails
 * Level 3.1 Armour
 * Level 3.1 Shields


You had 3 spell levels left.
You didn't know any spells.
Your spell library was empty.

Dungeon Overview and Level Annotations

Branches:
Dungeon (3/15)

Altars:
Cheibriados

Annotations:
D:3 Sigmund


Innate Abilities, Weirdness & Mutations

You do not eat or drink.
Your flesh is vulnerable to fire.
You are immune to poison.
Your flesh is cold resistant. (rC+)
You are immune to negative energy. (rN+++)
You are immune to unholy pain and torment.
You can survive without breathing.


Message History

You sock Sigmund!
Sigmund is moderately wounded.
Sigmund gestures wildly while chanting.
Sigmund flickers and vanishes!
Deactivating autopickup; reactivate with Ctrl-A.
You hit something.
You hear some strange, mumbled words.
Something tries to affect you, but you resist.
Something hits you but does no damage.
You closely miss something. Something hits you but does no damage.
Something hits you! Something hits you.
You see here a lumpy malachite amulet.
You hear some strange, mumbled words.
You are confused.
You bump into the rock wall.
Something hits you but does no damage. Something hits you!
* * * LOW HITPOINT WARNING * * *
You bump into the rock wall.
Something hits you!
You die...

#######.....##
#.....# #.....#
#.....# #.....#
#.....# ####
#.....# ...#
#.....#########
...#
#.......@.....#
...#
#........"....#
...#
###...........#
...#
#...........#
...#
#...........#
...#
#############
...# ...# ..##


There were no monsters in sight!

Vanquished Creatures
  2 adders (D:3)
  3 gnolls
  A dart slug (D:3)
  4 leopard geckos
  An orc (D:3)
  3 giant cockroaches
  10 hobgoblins
  4 jackals
  6 kobolds
  8 bats
  6 frilled lizards
  9 goblins
  11 rats
68 creatures vanquished.

Notes
Turn   | Place    | Note
-------+----------+-------------------------------------------
     0 | D:1      | Adamkad1 the Mummy Fighter began the quest for the Orb.
     0 | D:1      | Reached XP level 1. HP: 18/18 MP: 1/1
   496 | D:1      | Reached XP level 2. HP: 19/24 MP: 2/2
  1364 | D:2      | Reached XP level 3. HP: 29/29 MP: 3/3
  2198 | D:3      | Found a snail-covered altar of Cheibriados.
  2371 | D:3      | Reached XP level 4. HP: 14/36 MP: 4/4
  3382 | D:3      | Noticed Sigmund
  3402 | D:3      | Mangled by Sigmund

Vault maps used:
D:1:      lemuel_arrival_tunnels
D:3:      cheibriados_altar_1, minmay_strange_pillars, minmay_goblin_outpost,
          uniq_sigmund

Skill      XL: |  1  2  3  4 |
---------------+-------------+-----
Maces & Flails | 2 |  2.4
Shields        | 3 |  3.1
Armour         | 3 |  3.1
Fighting       | |  3.8

Action                   |  1- 3 |  4- 6 || total
-------------------------+-------+-------++-------
Melee: Flail             |   211 |    75 ||   286
  Use: Scroll            |     1 |     4 ||     5
Armor: Scale mail        |   129 |    30 ||   159
Dodge: Dodged            |    91 |    34 ||   125
Block: Shield            |   134 |    44 ||   178

Table legend:
 A = Non-vault XP
 B = Vault XP
 C = Vault XP percentage of total XP
 D = Non-vault monster count
 E = Vault monster count
 F = Vault count percentage of total count
                 A         B        C        D         E       F
            +---------+---------+-------+---------+---------+-------
      Total |     165 |      10 |   5.7 |      63 |       5 |   7.4
            +---------+---------+-------+---------+---------+-------
        D:1 |      30 |       0 |   0.0 |      20 |       0 |   0.0
        D:2 |      58 |       2 |   3.3 |      21 |       1 |   4.5
        D:3 |      77 |       8 |   9.4 |      22 |       4 |  15.4
            +---------+---------+-------+---------+---------+-------
